 Dungeon Crawl Stone Soup version 0.18.1-48-g4cf74bf (webtiles) character file.

60 TuxedoFelix the Skirmisher (level 3, -9/34 HPs)
             Began as a Minotaur Berserker on July 15, 2016.
             Was a Believer of Trog.
             Mangled by an ogre
             ... wielding a +0 giant club
              (29 damage)
             ... on level 3 of the Dungeon.
             The game lasted 00:16:18 (2405 turns).

TuxedoFelix the Skirmisher (Minotaur Berserker)     Turns: 2405, Time: 00:16:19

Health: -9/34      AC:  6    Str: 22    XL:     3   Next: 82%
Magic:  2/2        EV: 10    Int:  4    God:    Trog [**....]
Gold:   155        SH:  0    Dex:  9    Spells: 0 memorised, 2 levels left

rFire  . . .     SeeInvis .     a - +0 hand axe
rCold  . . .     Gourm    .     k - +0 scale mail
rNeg   . . .     Faith    .     (no shield)
rPois  .         Spirit   .     (helmet restricted)
rElec  .         Dismiss  .     (no cloak)
rCorr  .         Reflect  .     (no gloves)
SustAt .         Harm     .     (no boots)
MR     .....                    (no amulet)
Stlth  ..........               (no ring)
                                (no ring)

@: not resistant to hostile enchantments, extremely unstealthy
A: retaliatory headbutt, horns 2
a: Berserk, Trog's Hand, Burn Spellbooks, Renounce Religion


You were on level 3 of the Dungeon.
You worshipped Trog.
Trog was pleased with you.
You were not hungry.

You visited 1 branch of the dungeon, and saw 3 of its levels.

You collected 155 gold pieces.

Inventory:

Hand Weapons
 a - a +0 hand axe (weapon)
Missiles
 d - 25 stones (quivered)
Armour
 k - a +0 scale mail (worn)
Jewellery
 o - an uncursed ring of fire {unknown}
Scrolls
 b - a scroll of teleportation {unknown}
 e - a scroll of fog {unknown}
 h - a scroll of immolation {unknown}
 i - 2 scrolls of remove curse {unknown}
 l - a scroll of identify {unknown}
Potions
 f - a potion of curing {unknown}
 j - a potion of heal wounds {unknown}
 n - a potion of lignification
Comestibles
 c - 4 bread rations
 g - a beef jerky


   Skills:
 * Level 4.4 Fighting
 - Level 4.2 Axes
 - Level 0.4 Throwing
 + Level 3.3 Armour
 + Level 2.5 Dodging


You had 2 spell levels left.
You didn't know any spells.

Dungeon Overview and Level Annotations

Branches:
Dungeon (3/15)

Altars:
Yredelemnul


Innate Abilities, Weirdness & Mutations

You reflexively headbutt those who attack you in melee.
You have a pair of horns on your head.


Message History

Found a rapier.
An orc comes into view. It is wielding a dagger.
Found a lumpy brown potion.
You slash the ogre! You headbutt the ogre.
The ogre is heavily wounded.
The ogre closely misses you.
You hit the ogre.
The ogre is heavily wounded.
The ogre barely misses you.
You hit the ogre. Your headbutt misses the ogre.
The ogre is almost dead.
The ogre hits you with a giant club!
You barely miss the ogre. Your headbutt misses the ogre.
The ogre is almost dead.
The ogre hits you with a giant club.
You barely miss the ogre. You headbutt the ogre.
The ogre is almost dead.
The ogre hits you with a giant club!!
Ouch! That really hurt!
You die...

#.# #.. .#
#...# #.# #.#
)>... ..# ...
........###.#
.....#.....
..?....#####
#####.#........
.....oO@.....#
###!..#.####.#
#%. #.# #.. #.#
#.#
#...#.####.#
#.......##.#
#..##.#.##.# #.
#.#.##.# ##
#..##.#.##.#
..##


You could see an ogre and an orc.

Vanquished Creatures
  2 adders (D:2)
  An ooze (D:2)
  3 giant geckos
  A bat (D:2)
  3 giant cockroaches (D:1)
  5 goblins
  3 jackals (D:1)
  A quokka (D:3)
  4 giant newts
  6 kobolds
  6 rats
35 creatures vanquished.

Notes
Turn   | Place    | Note
--------------------------------------------------------------
     0 | D:1      | TuxedoFelix the Minotaur Berserker began the quest for the Orb.
     0 | D:1      | Reached XP level 1. HP: 19/19 MP: 0/0
   295 | D:1      | Reached XP level 2. HP: 24/27 MP: 1/1
   573 | D:1      | You fall through a shaft!
  1123 | D:2      | Reached XP level 3. HP: 14/33 MP: 2/2
  1504 | D:2      | Reached ** piety under Trog
  1618 | D:2      | Found a basalt altar of Yredelemnul.
  2238 | D:3      | Found a faded altar to an unknown god.
  2399 | D:3      | Noticed an ogre
  2405 | D:3      | Mangled by an ogre

Skill      XL: |  1  2  3 |
---------------+----------+-----
Fighting       | 4 |  4.4
Axes           | 4 |  4.2
Armour         | 3 |  3.3
Throwing       | |  0.4
Dodging        | |  2.5

Action                   || total
-------------------------++-------
Melee: Hand axe          ||    80
       Headbutt          ||    11
Throw: Stone             ||    12
  Use: Potion            ||     1
  Eat: Chunk             ||     1
       Meat ration       ||     1
       Pizza             ||     1
Armor: Leather armour    ||     6
       Scale mail        ||    29
       Skin              ||     1
Dodge: Dodged            ||    34
